 Dungeon Crawl Stone Soup version 0.17-a0-701-gb6462b4 (webtiles) character file.

18 namelastname112 the Ducker (level 2, 0/12 HPs)
             Began as a Felid Transmuter on Apr 19, 2015.
             Succumbed to an adder's poison
             ... on level 2 of the Dungeon.
             The game lasted 00:01:35 (898 turns).

namelastname112 the Ducker (Felid Transmuter)        Turns: 898, Time: 00:01:35

Health: 0/12       AC:  1    Str: 11    XL:     2   Next: 48%
Magic:  6/6        EV: 18    Int: 14    God:
Gold:   86         SH:  0    Dex: 16    Spells: 1 memorised, 4 levels left
                                        Lives:  0   Deaths: 0

rFire  . . .     SeeInvis +       - Unarmed
rCold  . . .     Clarity  .     (armour unavailable)
rNeg   . . .     SustAb   .     (shield unavailable)
rPois  .         Gourm    .     (helmet unavailable)
rElec  .         Spirit   .     (cloak unavailable)
rCorr  .         Warding  .     (gloves unavailable)
rMut   .         Stasis   .     (boots unavailable)
MR     .....                    (no amulet)
Stlth  ++........               (no ring)
                                (no ring)

@: mighty, lethally poisoned (0 -> -4), quick, not resistant to hostile
enchantments, unstealthy
A: no armour, no weapons or thrown items, claws 1, fangs 3, see invisible,
carnivore 3, speed 1, shaggy fur 1, slow metabolism 1, sharp paws
a: no special abilities


You were on level 2 of the Dungeon.
You were not hungry.

You visited 1 branch of the dungeon, and saw 2 of its levels.

You collected 86 gold pieces.

Inventory:

Scrolls
 b - a scroll of enchant armour {unknown}
 c - a scroll of teleportation {unknown}
 e - a scroll of amnesia {unknown}
 f - 2 scrolls of identify {unknown}
 g - 3 scrolls of random uselessness {unknown}
 h - a scroll of recharging {unknown}
 i - a scroll of remove curse {unknown}
Books
 d - a book of Changes

   Spells                             Type                      Level
   a - Beastly Appendage              Transmutation                1
   b - Sticks to Snakes               Transmutation                2
   c - Spider Form                    Transmutation/Poison         3
   d - Ice Form                       Ice/Transmutation            4
   e - Blade Hands                    Transmutation                5
Comestibles
 a - a meat ration
 k - a beef jerky


   Skills:
 + Level 1.5 Fighting
 + Level 3.2 Dodging
 + Level 3.0 Unarmed Combat
 + Level 2.2 Spellcasting
 + Level 2.3 Transmutations


You had 4 spell levels left.
You knew the following spells:

 Your Spells              Type           Power        Failure   Level  Hunger
a - Beastly Appendage     Trmt           #.....       12%         1    #......


Dungeon Overview and Level Annotations

Branches:
Dungeon (2/15)

Altars:
Vehumet


Innate Abilities, Weirdness & Mutations

You cannot wear armour.
You are incapable of wielding weapons or throwing items.
You have sharp claws.
You have razor-sharp teeth.
You have supernaturally acute eyesight.
You are carnivorous and can eat meat at any time.
You cover ground quickly.
You are covered in fur (AC +1).
You have a slow metabolism.
Your sharp claws are effective at attacking unaware monsters.


Message History

You are lethally poisoned!
The adder poisons you!
You completely miss the adder.
The adder is heavily wounded.
You feel sick. The adder misses you. The adder completely misses you.
Drink which item? (? for menu, Esc to quit)
It was a potion of might.
You feel very mighty all of a sudden. The adder barely misses you.
You barely miss the adder.
The adder is heavily wounded.
You feel sick. The adder bites you.
* * * LOW HITPOINT WARNING * * *
You scratch the adder.
The adder is almost dead.
The adder closely misses you. x2
You see here a scroll labeled HAPUMY FINK.
* * * LOW HITPOINT WARNING * * *
You feel sick.
You die...

#....#..<.### .
#.##..##.........#
#...#..##..###..!.
###...........#..
##.†.#...#..#.#
#..###.###...#
##..#...#....
#...._.....# #..
#..#...#..@#####......
#.###.###........#
#..#...#..S.(#####
#...............#
####..##........#
#.......#.?.(#
#.............#
#.#.#...........#
..#.#...$.......#


You could see an adder (bleeding).

Vanquished Creatures
  2 goblins (D:1)
  2 hobgoblins
  5 kobolds (D:1)
  A giant cockroach (D:1)
  2 giant newts (D:1)
  4 jackals (D:1)
  3 rats (D:1)
19 creatures vanquished.

Notes
Turn   | Place    | Note
--------------------------------------------------------------
     0 | D:1      | namelastname112, the Felid Transmuter, began the quest for the Orb.
     0 | D:1      | Reached XP level 1. HP: 9/9 MP: 4/4
   376 | D:1      | Reached XP level 2. HP: 12/12 MP: 6/6
   845 | D:2      | Found a radiant altar of Vehumet.
   898 | D:2      | Succumbed to an adder's poison

Action                   || total
-------------------------++-------
Melee: Unarmed           ||    51
 Cast: Beastly Appendage ||     1
  Use: Potion            ||     1
 Stab: Sleeping          ||     1
